 Dungeon Crawl Stone Soup version 0.27.1-4-g1640c2035a (webtiles) character file.

Game seed: 14050699541717579164

321 bobkasz2 the Skirmisher (level 6, 0/53 HPs)
             Began as a Hill Orc Fighter on Nov 12, 2021.
             Slain by an orc (4 damage)
             ... on level 4 of the Dungeon.
             The game lasted 00:02:15 (1629 turns).

bobkasz2 the Skirmisher (Hill Orc Fighter)          Turns: 1629, Time: 00:02:16

Health: 0/53       AC:  7    Str: 21    XL:     6   Next: 46%
Magic:  6/6        EV:  8    Int:  8    God:
Gold:   24         SH:  9    Dex: 10    Spells: 5/5 levels left

rFire    . . .     SeeInvis .   a - +0 long sword
rCold    . . .     Faith    .   c - +0 kite shield
rNeg     . . .     Spirit   .   b - +0 scale mail
rPois    .         Reflect  .   (no helmet)
rElec    .         Harm     .   (no cloak)
rCorr    .         Rampage  .   (no gloves)
Will     .....                  (no boots)
Stlth    ..........             (no amulet)
HPRegen  0.17/turn              (no ring)
MPRegen  0.10/turn              (no ring)

@: no status effects
A: no striking features
a: no special abilities


You were on level 4 of the Dungeon.
You visited 1 branch of the dungeon, and saw 4 of its levels.

You collected 24 gold pieces.

Inventory:

Hand Weapons
 a - a +0 long sword (weapon)
Armour
 b - a +0 scale mail (worn)
 c - a +0 kite shield (worn)
Scrolls
 e - a scroll of identify {unknown}
 h - a scroll of noise {unknown}
Potions
 d - a potion of might
 f - a potion of curing {unknown}
 g - a potion of flight {unknown}
 i - a potion of ambrosia {unknown}


   Skills:
 + Level 4.7 Fighting
 + Level 4.6 Long Blades
 + Level 4.4 Armour
 + Level 1.2 Dodging
 + Level 0.3 Stealth
 + Level 4.4 Shields


You had 5 spell levels left.
You didn't know any spells.
Your spell library was empty.

Dungeon Overview and Level Annotations

Branches:
Dungeon (4/15)
 Temple: D:4-7

Altars:
Beogh

Annotations:
D:4 3 runed translucent doors, ghwc's ghost, weakling DsAK


Message History

An orc comes into view. It is wielding a +0 flail.
Something hits you. You block the orc's attack.
You closely miss the orc.
The orc shouts!
Something hits you but does no damage. The orc hits you with a +0 club.
You hit the orc.
The orc is heavily wounded.
You block something's attack. The orc barely misses you.
Something hits you but does no damage. The orc hits you with a +0 club.
* * * LOW HITPOINT WARNING * * *
You barely miss the orc.
The orc is heavily wounded.
You block something's attack. You block the orc's attack.
You barely miss the orc.
The orc is heavily wounded.
Something hits you but does no damage. The orc hits you with a +0 club.
* * * LOW HITPOINT WARNING * * *
You block the orc's attack. Something hits you but does no damage.
You hit the orc.
You kill the orc!
The orc hits you but does no damage. Something hits you but does no damage.
You hit something. The orc hits you with a +0 flail.
* * * LOW HITPOINT WARNING * * *
Something hits you but does no damage. The orc barely misses you.
You slash something! Something hits you.
* * * LOW HITPOINT WARNING * * *
You block the orc's attack. Something hits you.
* * * LOW HITPOINT WARNING * * *
You miss something. The orc hits you with a +0 flail.
* * * LOW HITPOINT WARNING * * *
Something hits you but does no damage. The orc hits you but does no damage.
You closely miss something.
An orc wizard appears from thin air!
Reactivating autopickup.
The orc wizard barely misses you. The orc hits you with a +0 flail.
* * * LOW HITPOINT WARNING * * *
The orc wizard hits you but does no damage.
You barely miss the orc wizard.
The orc wizard is severely wounded.
The orc hits you with a +0 flail.
You die...

# ##≈≈.......... #
##≈≈............≈≈# #
#≈≈..............≈≈ #
#≈................≈
######≈†.....♣..♣......≈
.....'.........?........
#....'..................
#....#≈......♣..♣......≈
.....#≈....)....@o.....≈
#....#≈≈.......o))....≈≈
#######≈≈.......$....≈≈#
# ##≈≈..........≈≈## #
##≈≈........≈≈## #
##≈≈......≈≈## #
##≈≈≈..≈≈≈## ######
####''#### .....#


You could see an orc wizard and an orc.

Vanquished Creatures
  A scorpion (D:4)
  A water moccasin zombie (D:4)
  A howler monkey (D:4)
  A bullfrog skeleton (D:4)
  2 iguanas (D:4)
  An orc wizard (D:4)
  2 gnolls (D:2)
  A howler monkey skeleton (D:4)
  An ufetubus (D:4)
  An adder skeleton (D:4)
  A worm (D:4)
  A dart slug (D:2)
  2 orcs (D:4)
  A ball python (D:4)
  A bat (D:1)
  A giant cockroach (D:4)
  5 goblins
  A hobgoblin (D:4)
  4 jackals (D:1)
  A kobold (D:4)
  2 rats
32 creatures vanquished.

Notes
Turn   | Place    | Note
-------+----------+-------------------------------------------
     0 | D:1      | bobkasz2 the Hill Orc Fighter began the quest for the Orb.
     0 | D:1      | Reached XP level 1. HP: 19/19 MP: 1/1
   103 | D:1      | Reached XP level 2. HP: 19/27 MP: 2/2
   413 | D:2      | Reached XP level 3. HP: 5/33 MP: 3/3
   713 | D:4      | Noticed a scorpion
   719 | D:4      | Killed a scorpion
   720 | D:4      | Reached XP level 4. HP: 37/41 MP: 4/4
   830 | D:4      | Found a runed translucent gate.
   830 | D:4      | Found a runed translucent gate.
   830 | D:4      | Found a runed translucent gate.
   832 | D:4      | Noticed ghwc's ghost (weakling DsAK)
   835 | D:4      | Identified the +1 leather armour "Befiet" {Rampage Regen+
                  | Str-5 Dex+4 SInv}
   836 | D:4      | Found a roughly hewn altar of Beogh.
   853 | D:4      | Reached XP level 5. HP: 35/47 MP: 5/5
  1018 | D:4      | Reached skill level 1 in Dodging
  1159 | D:4      | Reached XP level 6. HP: 26/53 MP: 6/6
  1629 | D:4      | Slain by an orc

Illustrated notes

Levels and vault maps discovered:
D:1:      dpeg_arrival_boxorama, layout_basic, basic_ecumenical_altar,
          chequers_serial_rivers_small_b
D:2:      layout_loops_ring, uniq_sigmund
D:3:      layout_basic, minivault_27, minivault_11, uniq_grinder
D:4:      layout_basic, biasface_ghost_orc_armoury, kennysheep_cross_room,
          chequers_serial_rivers_marsh, kennysheep_cross_bottleneck,
          hangedman_abyss_or_decor_passed, minmay_misc_feat_nine_boxes

Skill      XL: |  1  2  3  4  5 |
---------------+----------------+-----
Fighting       | 4 |  4.7
Long Blades    | 3 4 |  4.6
Shields        | 4 |  4.4
Armour         | 4 |  4.4
Dodging        | 1 |  1.2
Stealth        | |  0.3

Action                   |  1- 3 |  4- 6 || total
-------------------------+-------+-------++-------
Melee: Long sword        |    46 |    90 ||   136
Armor: Scale mail        |    28 |    58 ||    86
Dodge: Dodged            |    26 |    32 ||    58
Block: Kite shield       |    41 |    63 ||   104
       Rpst.: Long sword |     8 |    10 ||    18
